Map: Acid Plant LE

Players

Scarlett - Winner!

  • Race: Zerg Zerg
  • League: Master
  • Spawn Location: 11:00

ShoWTimE

  • Race: Protoss Protoss
  • Spawn Location: 5:00

Event: WESG 2017 Haikou

VOD

Have the link to the VOD?

Description

Time

  • Played on: March 16, 2018, 1:44 a.m.
  • Length: 7:08

All games in this series

Show
View Real Time Build Order
Export as new Build Order

Scarlett Zerg - Winner!

Build Orders: Hatch First 

Get SALT Encoding   

  12  0:00  Drone  
  13  0:12  Overlord  
  13  0:17  Drone  
  14  0:30  Drone x2  
  14  0:34  Drone  
  17  0:51  Hatchery  
  17  0:54  Drone  
  17  0:57  Drone  
  18  1:10  Extractor  
  17  1:12  Spawning Pool  
  17  1:15  Drone  
  17  1:19  Drone  
  18  1:27  Drone  
  19  1:38  Drone  
  20  1:50  Overlord  
  20  1:58  Queen  
  22  2:03  Queen  
  22  2:04  Zergling x2  
  22  2:05  Zergling x2  
  26  2:10  Metabolic Boost  
  26  2:11  Drone  
  27  2:19  Drone  
  28  2:23  Drone  
  28  2:25  Drone  
  30  2:34  Drone  
  30  2:35  Drone  
  32  2:42  Hatchery  
  31  2:45  Overlord  
  31  2:47  Drone  
  32  2:54  Drone  
  33  3:00  Drone, Queen  
  33  3:05  Drone  
  37  3:07  Drone x3  
  40  3:14  Overlord  
  40  3:20  Spore Crawler  
  40  3:21  Drone  
  40  3:22  Drone  
  40  3:26  Evolution Chamber  
  40  3:34  Queen  
  40  3:35  Queen  
  40  3:38  Zergling x2  
  40  3:39  Drone x2  
  47  3:41  Drone  
  47  3:43  Drone  
  47  3:46  Drone x2  
  47  3:48  Drone  
  52  3:52  Zerg Melee Weapons Level 1  
  52  3:55  Overlord  
  51  4:07  Extractor, Lair  
  50  4:10  Queen  
  50  4:13  Drone x4  
  50  4:16  Drone  
  57  4:21  Overlord  
  57  4:28  Zergling x2  
  57  4:29  Zergling x10  
  62  4:34  Queen  
  62  4:35  Overlord  
  64  4:44  Zergling x12  
  70  4:49  Queen  
  72  4:53  Overlord  
  72  4:57  Drone  
  72  5:00  Zergling x2  
  72  5:02  Zergling x8  
  76  5:07  Nydus Network  
  76  5:10  Queen  
  78  5:21  Zergling x16  
  84  5:33  Zergling x14  
  84  5:55  Nydus Canal  
  82  5:57  Zergling x16  
  82  6:00  Queen  
  89  6:05  Queen  
  89  6:07  Overlord  
  89  6:11  Zergling x2  
  89  6:16  Overlord  
  89  6:20  Queen  
  89  6:21  Overlord  
  89  6:28  Zergling x4  
  89  6:29  Zergling x14  
  89  6:32  Zergling x6  
  96  6:40  Zergling x6  
  96  6:42  Hydralisk Den  
  96  6:44  Drone x2  
  96  6:45  Drone  
Show
View Real Time Build Order
Export as new Build Order

ShoWTimE Protoss 

Build Orders: 1 Gate Expand, Oracle Opening, Phoenix Opening 

Get SALT Encoding   

  12  0:01  Probe  
  13  0:13  Probe  
  14  0:19  Pylon  
  14  0:25  Probe (Chrono Boost)  
  15  0:37  Probe (Chrono Boost)  
  15  0:40  Gateway  
  16  0:46  Probe (Chrono Boost)  
  16  0:47  Assimilator  
  17  0:51  Probe  
  18  1:04  Probe  
  19  1:16  Probe  
  20  1:25  Nexus  
  20  1:36  Cybernetics Core  
  20  1:39  Probe  
  21  1:46  Assimilator  
  21  1:51  Probe  
  22  1:55  Pylon  
  22  2:03  Probe  
  23  2:11  Adept (Chrono Boost)  
  23  2:15  Probe  
  26  2:19  Stargate  
  26  2:24  Warp Gate  
  26  2:28  Probe (Chrono Boost)  
  27  2:31  Adept  
  29  2:37  Probe (Chrono Boost)  
  29  2:40  Probe (Chrono Boost)  
  31  2:47  Probe (Chrono Boost)  
  31  2:48  Probe (Chrono Boost)  
  33  2:52  Probe (Chrono Boost)  
  33  2:53  Probe  
  35  2:59  Oracle (Chrono Boost)  
  35  3:04  Probe  
  39  3:05  Probe  
  39  3:10  Pylon  
  40  3:16  Probe  
  40  3:18  Probe  
  42  3:21  Gateway  
  42  3:28  Probe  
  42  3:29  Phoenix  
  42  3:30  Probe  
  42  3:32  Assimilator  
  46  3:37  Assimilator  
  46  3:40  Probe (Chrono Boost)  
  47  3:47  Robotics Facility  
  48  3:48  Probe (Chrono Boost)  
  48  3:51  Probe (Chrono Boost)  
  50  3:56  Probe x2 (Chrono Boost), Twilight Council  
  51  4:05  Pylon  
  51  4:07  Probe  
  51  4:09  Probe  
  53  4:15  Gateway  
  53  4:18  Gateway  
  53  4:19  Probe  
  54  4:31  Zealot, Warp Prism (Chrono Boost)  
  54  4:32  Zealot  
  60  4:40  Templar Archives  
  60  4:42  Charge  
  60  4:45  Pylon  
  60  5:05  Nexus  
  60  5:06  Pylon  
  60  5:08  Probe  
  60  5:09  Probe  
  60  5:10  Observer  
  63  5:19  Forge  
  63  5:27  Zealot  
  63  5:28  Zealot x3  
  71  5:29  Probe x2  
  71  5:35  Pylon  
  71  5:37  Pylon  
  71  5:38  Pylon  
  71  5:41  Probe  
  73  5:42  Probe  
  71  5:51  Adept x3  
  71  5:54  Probe  
  75  6:05  Zealot  
  75  6:09  Probe  
  72  6:17  Zealot x2  
  72  6:18  Immortal (Chrono Boost)  
  72  6:19  Zealot  
  72  6:23  Pylon  
  75  6:27  Zealot  
  69  6:40  Pylon  
  69  6:41  Zealot  
  69  6:43  Zealot x2  
Tags
 
Add a new tag
Caveats
  • Supply blocks, unpowered buildings, or Contaminate may cause inaccurate times.
  • Supply counts are checked every 10 seconds.